 Dungeon Crawl Stone Soup version 0.28-a0-1567-g1695149f81 (webtiles) character file.

Game seed: 14081980966779130925

4 Pin the Chopper (level 1, -2/19 HPs)
             Began as a Hill Orc Monk on Jan 20, 2022.
             Slain by a gnoll (4 damage)
             ... on level 1 of the Dungeon.
             The game lasted 00:00:36 (393 turns).

Pin the Chopper (Hill Orc Monk)                      Turns: 393, Time: 00:00:37

Health: -2/19      AC:  3    Str: 13    XL:     1   Next: 60%
Magic:  1/1        EV: 10    Int: 10    God:
Gold:   0          SH:  7    Dex: 13    Spells: 0/0 levels left

rFire   + . .      SeeInvis .   a - +0 hand axe
rCold   . . .      Faith    .   c - +0 kite shield
rNeg    . . .      Spirit   .   b - +0 robe
rPois   .          Reflect  .   (no helmet)
rElec   .          Harm     .   f - +0 cloak
rCorr   .          Rampage  .   (no gloves)
Will    .....                   (no boots)
Stlth   ++........              (no amulet)
HPRegen 0.06/turn               d - ring of protection from fire
MPRegen 0.07/turn               (no ring)

@: no status effects
A: no striking features
a: no special abilities


You were on level 1 of the Dungeon.
You visited 1 branch of the dungeon, and saw 1 of its levels.

Inventory:

Hand Weapons
 a - a +0 hand axe (weapon)
Armour
 b - a +0 robe (worn)
 c - a +0 kite shield (worn)
 f - a +0 cloak (worn)
Jewellery
 d - a ring of protection from fire (left hand)
Potions
 e - a potion of flight {unknown}


   Skills:
 - Level 3.6 Fighting
 - Level 4.0 Axes
 + Level 1.2 Armour
 - Level 2.4 Dodging
 - Level 1.5 Stealth


You couldn't memorise any spells.
You didn't know any spells.
Your spell library was empty.

Dungeon Overview and Level Annotations

Branches:
Dungeon (1/15)

Altars:


Message History

You miss the bat. The bat closely misses you. You block the bat's attack.
You closely miss the bat. You block the bat's attack.
The bat barely misses you.
You closely miss the bat. The bat barely misses you.
The bat closely misses you. x2
The bat barely misses you.
You closely miss the bat. The bat barely misses you. The bat hits you. x2
You barely miss the bat. The bat hits you but does no damage.
You hit the bat.
You kill the bat!
No target in view!
You see here a +0 cloak.
f - a +0 cloak You start resting.
HP restored.
You start waiting.
Done waiting.
You start putting on your armour.
You continue putting on your +0 cloak. x4
You finish putting on your +0 cloak.
d - a ring of protection from fire (left hand)
A gnoll comes into view. It is wielding a +0 spear.
The gnoll shouts!
A goblin comes into view. It is wielding a +0 club.
The goblin shouts!
The gnoll hits you from afar with a +0 spear.
You block the gnoll's attack.
You closely miss the gnoll. The gnoll hits you with a +0 spear.
You hit the gnoll.
The gnoll is moderately wounded.
The gnoll completely misses you.
You hit the goblin.
You kill the goblin!
You closely miss the gnoll. The gnoll hits you with a +0 spear!
* * * LOW HITPOINT WARNING * * *
A hobgoblin comes into view.
You block the gnoll's attack.
Your Armour skill increases to level 1!
Found a stone staircase leading down.
The gnoll hits you with a +0 spear.
You die...

###......##.#.##.##.
##...................#.
........................
###............#........
#.....................
#....#..#.....#.....#.#
######........# .......
..........##.......
#...........@.....#
#.......#.##g.......
####..#.#.##........
#.............###
#.#....##....g# #
#.........##.. ....
#.... ..> ..#... ..


You could see a gnoll and a hobgoblin.

Vanquished Creatures
  A bat (D:1)
  A goblin (D:1)
  A hobgoblin (D:1)
3 creatures vanquished.

Vanquished Creatures (others)
  4 toadstools (D:1)
4 creatures vanquished.

Grand Total: 7 creatures vanquished

Notes
Turn   | Place    | Note
-------+----------+-------------------------------------------
     0 | D:1      | Pin the Hill Orc Monk began the quest for the Orb.
     0 | D:1      | Reached XP level 1. HP: 19/19 MP: 1/1
   393 | D:1      | Reached skill level 1 in Armour
   393 | D:1      | Slain by a gnoll

Illustrated notes

Levels and vault maps discovered:
D:1:      dpeg_arrival_boxes_within_box, layout_basic, minmay_gold_behind_fungi

Skill      XL: |  1 |
---------------+----+-----
Armour         | 1 |  1.2
Fighting       | |  3.6
Axes           | |  4.0
Dodging        | |  2.4
Stealth        | |  1.5

Action                   || total
-------------------------++-------
Melee: Hand axe          ||    19
Armor: Robe              ||     2
Dodge: Dodged            ||    14
Block: Kite shield       ||     8

Table legend: (Time is in decaauts)
 A = Elapsed time spent in this place.
 B = Non-inter-level travel time spent in this place.
 C = Inter-level travel time spent in this place.
 D = Time resting spent in this place.
 E = Time spent auto-exploring this place.
 F = Levels seen in this place.
 G = Mean time per level.
                   A        B        C        D        E       F      G
               +--------+--------+--------+--------+--------+-----+--------+
         Total |    398 |    398 |      0 |    213 |    100 |   1 |  398.0 |
       Dungeon |    398 |    398 |      0 |    213 |    100 |   1 |  398.0 |
               +--------+--------+--------+--------+--------+-----+--------+

Top non-repeatable levels by time:
     D:1: 398 daAuts
